Map: Pilares de Ouro LE

Players

Espectrum

  • Race: Terran Terran
  • League: Gold
  • Spawn Location: 7:00

CidBR - Winner!

  • Race: Protoss Protoss
  • League: Gold
  • Spawn Location: 1:00

VOD

Have the link to the VOD?

Description

Time

  • Played on: Aug. 18, 2020, 9:01 p.m.
  • Length: 7:00
Show
View Real Time Build Order
Export as new Build Order

Espectrum Terran 

Build Orders:  

Get SALT Encoding   

  12  0:00  SCV  
  13  0:13  SCV  
  14  0:26  SCV  
  14  0:27  Supply Depot  
  15  0:44  Refinery  
  15  0:51  Barracks  
  15  0:53  SCV  
  16  1:02  Supply Depot  
  16  1:09  SCV  
  17  1:21  SCV  
  17  1:22  Barracks  
  18  1:39  Marine  
  19  1:46  Refinery  
  19  1:57  Marine  
  20  2:09  Factory  
  20  2:11  SCV  
  20  2:14  Barracks Tech Lab  
  21  2:16  Marine  
  22  2:39  Orbital Command  
  22  2:40  Marine  
  23  2:52  Barracks Tech Lab  
  23  2:53  Barracks  
  23  3:05  SCV  
  24  3:06  Marine  
  24  3:11  Marauder  
  27  3:14  Siege Tank  
  30  3:24  Marine  
  30  3:26  Stimpack  
  31  3:34  Supply Depot  
  31  3:41  Barracks Tech Lab  
  31  3:55  SCV  
  31  3:58  Marine  
  31  4:02  Marauder x2  
  37  4:09  Supply Depot  
  37  4:18  Marine  
  37  4:23  Marine  
  39  4:30  Marine  
  42  4:31  Siege Tank  
  38  4:41  Marine  
  30  5:09  Marine  
  30  5:10  Marine  
  26  5:27  Marine x2  
  28  5:29  Orbital Command  
  28  5:45  Marine x2  
  30  6:03  Marine x2  
  32  6:04  Bunker  
Show
View Real Time Build Order
Export as new Build Order

CidBR Protoss - Winner!

Build Orders:  

Get SALT Encoding   

  12  0:00  Probe  
  13  0:12  Probe  
  14  0:21  Pylon  
  14  0:27  Probe  
  15  0:39  Probe  
  16  0:42  Gateway  
  16  0:47  Assimilator  
  16  0:51  Probe  
  17  1:01  Pylon  
  17  1:03  Probe  
  18  1:13  Assimilator  
  18  1:15  Probe  
  19  1:23  Gateway  
  19  1:35  Probe  
  20  1:42  Cybernetics Core  
  20  1:47  Probe  
  21  2:00  Probe  
  21  2:04  Gateway  
  21  2:19  Stalker (Chrono Boost)  
  21  2:22  Warp Gate (Chrono Boost)  
  25  2:29  Stalker (Chrono Boost)  
  25  2:31  Probe  
  26  2:47  Stalker (Chrono Boost)  
  28  2:52  Stalker  
  30  3:05  Pylon  
  30  3:11  Gateway  
  30  3:25  Stalker x2 (Chrono Boost)  
  30  3:26  Pylon  
  34  3:28  Probe  
  35  3:43  Stalker (Chrono Boost)  
  37  4:06  Stalker x2  
  41  4:16  Stalker x2  
  45  4:21  Probe  
  46  4:42  Stalker  
  32  5:18  Stalker x3  
  36  5:33  Stalker  
  38  5:49  Stalker x3  
  40  5:58  Twilight Council  
  40  6:07  Nexus  
  32  6:36  Stalker x4  
Tags
 
Add a new tag
Caveats
  • Supply blocks, unpowered buildings, or Contaminate may cause inaccurate times.
  • Supply counts are checked every 10 seconds.